 Dungeon Crawl Stone Soup version 0.26-a0-540-g8a0c9464d7 (webtiles) character file.

Game seed: 18261925112291830552

26536 night the Frost Mage (level 12, 0/81 HPs)
             Began as a White Draconian Venom Mage on Aug 19, 2020.
             Was a High Priest of Vehumet.
             Slain by an ice beast (3 damage)
             ... summoned by an ice statue
             ... in an ice cave.
             The game lasted 01:16:07 (23708 turns).

night the Frost Mage (White Draconian Venom Mage)  Turns: 23708, Time: 01:16:08

Health: 0/81       AC: 14    Str: 10    XL:     12   Next: 99%
Magic:  20/28      EV: 12    Int: 20    God:    Vehumet [*****.]
Gold:   1220       SH:  0    Dex: 13    Spells: 11/35 levels left

rFire    x . .     SeeInvis .   a - +2 whip (elec)
rCold    + + .     Faith    +   (no shield)
rNeg     . . .     Spirit   .   (armour unavailable)
rPois    .         Reflect  .   (helmet restricted)
rElec    .         Harm     .   (no cloak)
rCorr    .                      (no gloves)
MR       .....                  e - +1 pair of boots
Stlth    ++........             i - amulet of faith
HPRegen  0.23/turn              A - ring of ice
MPRegen  0.21/turn              N - +4 ring of protection

@: no status effects
A: breathe frost, unfitting armour, cold resistance 1, cold-blooded, AC +8
a: Breathe Frost, Renounce Religion


You were in an ice cave.
You worshipped Vehumet.
Vehumet was extremely pleased with you.
You visited 3 branches of the dungeon, and saw 16 of its levels.
You also visited: Sewer and Ice Cave.

You collected 1316 gold pieces.
You spent 96 gold pieces at shops.

Inventory:

Hand Weapons
 a - a +2 whip of electrocution (weapon)
 P - a +1 vorpal long sword
Armour
 e - a +1 pair of boots (worn)
Magical Staves
 b - an uncursed staff of cold
Jewellery
 h - an uncursed ring of protection from magic
 i - an amulet of faith (around neck)
 m - an uncursed ring of ice
 y - an uncursed amulet of the acrobat
 A - a ring of ice (left hand)
 C - an uncursed ring of stealth
 D - an uncursed ring of wizardry
 E - an uncursed ring of wizardry
 J - an uncursed ring of protection from fire
 N - a +4 ring of protection (right hand)
Wands
 l - a wand of flame (27)
 v - a wand of random effects (43)
 B - a wand of iceblast (21)
 L - a wand of enslavement (2)
 O - a wand of digging (1)
Scrolls
 k - a scroll of blinking
 n - 4 scrolls of magic mapping
 r - 3 scrolls of fog
 s - 7 scrolls of remove curse
 t - 6 scrolls of enchant weapon
 x - 2 scrolls of enchant armour
 G - 3 scrolls of teleportation
 I - 3 scrolls of identify
 K - a scroll of brand weapon
 M - a scroll of amnesia
Potions
 c - 2 potions of degeneration
 d - 7 potions of flight
 f - 3 potions of brilliance
 g - a potion of invisibility
 j - a potion of cancellation
 o - 2 potions of resistance
 p - 7 potions of curing
 q - 4 potions of mutation
 u - 2 potions of lignification
 w - 3 potions of might
 z - 4 potions of stabbing
 F - 3 potions of heal wounds
 H - a potion of magic


   Skills:
 - Level 12.0 Maces & Flails
 - Level 1.7 Dodging
 - Level 1.7 Stealth
 + Level 12.1 Spellcasting
 - Level 1.0 Transmutations
 + Level 12.5 Ice Magic
 - Level 8.1 Poison Magic


You had 11 spell levels left.
You knew the following spells:

 Your Spells              Type           Power        Failure   Level
a - Sting                 Tmut/Pois      ####         1%          1
b - Mephitic Cloud        Conj/Pois/Air  ###.....     1%          3
c - Ignite Poison         Fire/Tmut/Pois ###.....     1%          3
d - Olgreb's Toxic Radia  Pois           #####...     1%          4
e - Metabolic Englaciati  Hex/Ice        ######....   12%         5
f - Summon Ice Beast      Ice/Summ       ######..     4%          4
g - Hailstorm             Conj/Ice       ######..     1%          4

Your spell library contained the following spells:

 Spells                   Type           Power        Failure   Level
 Iron Shot                Conj/Erth      ##........   88%         6
 Freeze                   Ice            ####         1%          1
 Poisonous Vapours        Pois/Air       ####..       1%          2
 Frozen Ramparts          Ice            ######       1%          3
 Ozocubu's Armour         Ice            #######.     1%          3
 Static Discharge         Conj/Air       ##......     4%          3
 Summon Small Mammal      Summ           ##..         5%          1
 Call Imp                 Summ           ##......     9%          2
 Slow                     Hex            ##......     9%          2
 Fulminant Prism          Conj/Hex       ##........   16%         4
 Iskenderun's Mystic Bla  Conj/Tloc      ##......     16%         4
 Call Canine Familiar     Summ           ##......     17%         3
 Summon Guardian Golem    Hex/Summ       ##......     17%         3
 Cause Fear               Hex            ##........   50%         4
 Summon Lightning Spire   Summ/Air       ##......     50%         4


Dungeon Overview and Level Annotations

Branches:
Dungeon (10/15)            Temple (1/1) D:6            Lair (6/6) D:10
 Shoals (0/4) Lair:3        Snake (0/4) Lair:2        Slime (0/5) Lair:6
    Orc (0/2) D:10          Sewer (visited)           IceCv (1/1)

Altars:
Ashenzari
Cheibriados
Dithmenos
Elyvilon
Fedhas
Gozag
Hepliaklqana
Kikubaaqudgha
Makhleb
Nemelex Xobeh
Okawaru
Qazlal
Ru
Sif Muna
Trog
Uskayaw
Vehumet
Wu Jian
Xom
Yredelemnul
Zin
The Shining One

Shops:
D:4 !   D:5 *   D:7 (

Portals:
Trove: D:10 (give 13 potions of heal wounds)

Annotations:
IceCv exclusion: ice statue


Innate Abilities, Weirdness & Mutations

You can breathe waves of freezing cold.
You can buffet flying creatures when you breathe cold.
Your icy white scales are hard. (AC +8)
You cannot fit into any form of body armour.
Your flesh is cold resistant. (rC+)
You are cold-blooded and may be slowed by cold attacks.


Message History

You hit the ice statue but do no damage.
The ice statue is almost destroyed.
Your ice beast hits the ice statue but does no damage.
The ice beast hits you.
* * * LOW HITPOINT WARNING * * *
The ice beast freezes you. You resist.
* * * LOW HITPOINT WARNING * * *
The ice beast hits your ice beast but does no damage.
You hit the ice statue but do no damage.
You tail-slap the ice statue, but do no damage.
The ice statue is almost destroyed.
Your ice beast hits the ice statue but does no damage.
You hit the ice statue but do no damage.
The ice statue is almost destroyed.
Your ice beast hits the ice statue but does no damage.
The ice statue gestures at you. The bolt of cold hits you! You resist.
* * * LOW HITPOINT WARNING * * *
The ice beast hits you.
You die...

# ##. ##
#.## #≈
#..# #≈
##YY##
#≈##.Y8.#
#...Y@.#
##..#...#
#...##..##
#.##.##..#
#..
##.##.#
#.. ##.#.#
..# ##.##
#.# #.##
#. #..#


You could see an ice statue, 2 ice beasts and 2 friendly ice beasts.

Vanquished Creatures
  Harold (Lair:1)
  2 two-headed ogres (D:10)
  A death yak (IceCv)
  A death knight (D:10)
  A black mamba (Lair:2)
  3 elephants (Lair:3)
  Joseph (Lair:1)
  4 cane toads
  A rime drake (Lair:2)
  2 komodo dragons
  7 polar bears (IceCv)
  3 blink frogs (Lair:4)
  6 hippogriffs
  A slime creature (D:6)
  A wyvern (D:10)
  48 yaks
  2 basilisks (Lair:1)
  An acid dragon (D:8)
  3 wargs (D:10)
  7 water moccasins
  4 porcupines
  2 black bears
  5 orc warriors
  2 ice beasts
  26 wolves
  2 ogres
  2 centaurs
  6 crocodiles
  2 big kobolds
  8 bullfrogs
  3 scorpions
  5 wights (D:10)
  12 killer bees
  5 electric eels
  A bullfrog zombie (D:6)
  7 jellies
  A centaur skeleton (D:8)
  5 orc priests
  9 orc wizards
  6 worker ants
  A hell rat (D:7)
  12 gnolls
  A howler monkey skeleton (D:8)
  15 adders
  9 river rats
  2 shadow imps
  6 white imps
  An ufetubus (D:8)
  14 oozes
  5 worms
  An adder skeleton (D:4)
  2 adder zombies (D:5)
  5 dart slugs
  9 leopard geckos
  39 orcs
  7 ball pythons
  8 bats
  8 giant cockroaches
  12 goblins
  15 hobgoblins
  8 jackals
  14 kobolds
  6 quokkas (D:7)
  5 frilled lizards
  A quokka skeleton (D:6)
  26 rats
  2 butterflies (D:9)
  2 plants
445 creatures vanquished.

Vanquished Creatures (collateral kills)
  2 black mambas
  3 cane toads (Lair:4)
  A warg (D:10)
  A water moccasin (Lair:2)
7 creatures vanquished.

Vanquished Creatures (others)
  13 fungi
  2 plants
15 creatures vanquished.

Grand Total: 467 creatures vanquished

Notes
Turn   | Place    | Note
-------+----------+-------------------------------------------
     0 | D:1      | night the Draconian Venom Mage began the quest for the Orb.
     0 | D:1      | Reached XP level 1. HP: 14/14 MP: 3/3
   239 | D:1      | Reached XP level 2. HP: 18/20 MP: 0/5
   869 | D:1      | Reached XP level 3. HP: 26/26 MP: 4/7
  1478 | D:2      | Learned a level 3 spell: Mephitic Cloud
  1482 | D:2      | Learned a level 3 spell: Ignite Poison
  1573 | D:2      | Found a shadowy altar of Dithmenos.
  1689 | D:2      | Found a hide-covered altar of Uskayaw.
  1709 | D:2      | Reached XP level 4. HP: 33/33 MP: 2/8
  2053 | D:2      | Found a basalt altar of Yredelemnul.
  2875 | D:3      | Reached XP level 5. HP: 38/38 MP: 4/10
  3226 | D:3      | Found a glowing drain.
  3275 | Sewer    | Entered a sewer
  3295 | Sewer    | Learned a level 4 spell: Olgreb's Toxic Radiance
  3463 | Sewer    | Reached skill level 5 in Poison Magic
  3463 | Sewer    | Reached XP level 6. HP: 42/45 MP: 4/13
  3579 | Sewer    | Found a white marble altar of Elyvilon.
  4202 | D:4      | Reached skill level 1 in Maces & Flails
  4383 | D:4      | Found Loaroe's Distillery.
  4389 | D:4      | Bought a potion of curing for 36 gold pieces
  4389 | D:4      | Bought a potion of heal wounds for 60 gold pieces
  4411 | D:4      | Reached skill level 5 in Spellcasting
  4813 | D:4      | Your scales start taking on an icy white colour.
  4813 | D:4      | Reached XP level 7. HP: 41/50 MP: 9/14
  4813 | D:4      | Gained mutation: Your flesh is cold resistant. (rC+) [White
                  | Draconian growth]
  5230 | D:5      | Entered Level 5 of the Dungeon
  5278 | D:5      | Found Misimukk's Elemental Accessories.
  5362 | D:5      | Reached skill level 2 in Maces & Flails
  5975 | D:5      | Reached XP level 8. HP: 16/57 MP: 5/17
  5991 | D:5      | HP: 8/57 [poisoned by a killer bee]
  5998 | D:5      | HP: 8/57 [poisoned by a killer bee]
  6006 | D:5      | HP: 7/57 [poisoned by a killer bee]
  6818 | D:6      | Noticed a slime creature
  7183 | D:6      | Found a staircase to the Ecumenical Temple.
  7248 | Temple   | Entered the Ecumenical Temple
  7514 | Temple   | Became a worshipper of Sif Muna the Loreminder
  7963 | D:6      | Killed a slime creature
  8191 | D:6      | Reached * piety under Sif Muna
  8216 | D:6      | Found a radiant altar of Vehumet.
  8216 | D:6      | Found a sparkling altar of Nemelex Xobeh.
  8220 | D:6      | Fell from the grace of Sif Muna
  8220 | D:6      | Became a worshipper of Vehumet
  8299 | D:7      | Reached skill level 5 in Maces & Flails
  8334 | D:7      | Reached * piety under Vehumet
  8334 | D:7      | Offered knowledge of Foxfire by Vehumet.
  8787 | D:7      | Reached XP level 9. HP: 55/62 MP: 7/19
  8790 | D:7      | Found Zyetaac's Weapon Shoppe.
  9234 | D:7      | Found a bloodstained altar of Trog.
  9486 | D:8      | Offered knowledge of Freeze by Vehumet.
  9486 | D:8      | Reached ** piety under Vehumet
  9687 | D:8      | Identified a scroll of acquirement
  9687 | D:8      | Acquired Sif Muna's Tome of Entrancing Attacks
  9695 | D:8      | Learned a level 5 spell: Metabolic Englaciation
  9762 | D:8      | Reached skill level 1 in Ice Magic
  9857 | D:8      | Found an opulent altar of Gozag.
 10254 | D:8      | Found a glowing golden altar of the Shining One.
 10279 | D:8      | Reached skill level 2 in Ice Magic
 11372 | D:9      | Offered knowledge of Dazzling Flash by Vehumet.
 11372 | D:9      | Reached skill level 5 in Ice Magic
 11372 | D:9      | Reached XP level 10. HP: 49/69 MP: 15/22
 11761 | D:9      | Reached *** piety under Vehumet
 12005 | D:9      | Found a shimmering altar of Xom.
 12106 | D:10     | Entered Level 10 of the Dungeon
 12107 | D:10     | Noticed a two-headed ogre
 12257 | D:10     | Found a portal to a secret trove of treasure.
 12770 | D:10     | Noticed a two-headed ogre
 12773 | D:10     | Killed a two-headed ogre
 12775 | D:10     | Offered knowledge of Airstrike by Vehumet.
 12836 | D:10     | Noticed a death knight
 12859 | D:10     | Killed a death knight
 13394 | D:10     | Killed a two-headed ogre
 13394 | D:10     | Reached XP level 11. HP: 29/74 MP: 3/24
 13647 | D:10     | Found a staircase to the Lair.
 13771 | D:10     | Was forgiven by Sif Muna
 14584 | D:10     | Reached **** piety under Vehumet
 14590 | D:10     | Learned a level 4 spell: Summon Ice Beast
 14623 | D:10     | Found a staircase to the Orcish Mines.
 14975 | Lair:1   | Entered Level 1 of the Lair of Beasts
 15210 | Lair:1   | Reached skill level 10 in Spellcasting
 15620 | Lair:1   | Noticed Harold
 15625 | Lair:1   | Killed Harold
 16116 | Lair:1   | Noticed Joseph
 16134 | Lair:1   | Killed Joseph
 16474 | Lair:1   | Offered knowledge of Irradiate by Vehumet.
 16807 | Lair:1   | Reached skill level 10 in Maces & Flails
 17499 | Lair:2   | Learned a level 4 spell: Hailstorm
 17693 | Lair:2   | Reached skill level 10 in Ice Magic
 18197 | Lair:2   | Found a staircase to the Snake Pit.
 18324 | Lair:2   | HP: 11/74 [poisoned by a water moccasin]
 18329 | Lair:2   | HP: 7/74 [poisoned by a water moccasin]
 18335 | Lair:2   | HP: 5/74 [poisoned by a water moccasin]
 18343 | Lair:2   | HP: 4/74 [poisoned by a water moccasin]
 18351 | Lair:2   | HP: 4/74 [poisoned by a water moccasin]
 19985 | Lair:3   | Found a staircase to the Shoals.
 19999 | Lair:3   | Reached XP level 12. HP: 81/81 MP: 13/26
 20571 | Lair:3   | Reached ***** piety under Vehumet
 20571 | Lair:3   | Offered knowledge of Iron Shot by Vehumet.
 21916 | Lair:4   | You fall into a shaft and drop 2 floors!
 21916 | Lair:6   | Entered Level 6 of the Lair of Beasts
 21950 | Lair:6   | Found a frozen archway.
 21964 | IceCv    | Entered an ice cave
 22217 | IceCv    | Reached skill level 12 in Ice Magic
 22518 | IceCv    | Noticed a death yak
 22534 | IceCv    | Killed a death yak
 22534 | IceCv    | Reached skill level 12 in Spellcasting
 22632 | IceCv    | Reached skill level 12 in Maces & Flails
 23656 | IceCv    | HP: 11/81 [ice statue/shard of ice (15)]
 23708 | IceCv    | HP: 3/81 [ice statue/bolt of cold (10)]
 23708 | IceCv    | Slain by an ice beast

Illustrated notes

Levels and vault maps discovered:
D:1:      onia_arrival_mini_maze_b, layout_basic, minmay_pentomino_t4
D:2:      layout_loops_ring, eat_drink_and_be_merry_uskayaw, marbit_many_paths,
          nicolae_dithmenos_through_a_glass_darkly
D:3:      layout_loops_ring, gup_sewer_entry_glass
D:4:      layout_loops_ring, serial_shops, shop, minivault_25,
          minmay_goblin_outpost
D:5:      layout_basic, minmay_misc_feat_square, nicolae_elemental_shop,
          grunt_decor_resistance
D:6:      lemuel_slime, layout_gridville, gammafunk_temple_overflow_elements,
          minmay_temple_entry_slanted
D:7:      lemuel_ratsnest, layout_cave_pools, lightli_temple_of_fire,
          serial_rivers, chequers_serial_rivers_micro_d,
          chequers_serial_rivers_room_b, chequers_serial_rivers_room_a,
          chequers_serial_rivers_micro_a, chequers_serial_rivers_micro_c,
          serial_shops, shop, hangedman_decor_points
D:8:      layout_basic, lemuel_doored_altar, nicolae_gozag_seed_capital,
          nrook_uturn, serial_bayou_lagoon_a, ebering_dispersal_statue_hall,
          chequers_hall_statues_y, minivault_26
D:9:      layout_rooms, xom_butterflies
D:10:     minmay_angry_zag, layout_basic, dpeg_oklobed_lair,
          minmay_orc_entry_guard_dogs, enter_trove_6
Temple:   minmay_temple_curvy_branch
Lair:1:   layout_roguey, chequers_serial_rivers_micro_c, serial_bayou_lake_a,
          uniq_harold, uniq_joseph
Lair:2:   layout_cave_pods, minmay_snake_entry_six_corridors,
          serial_bayou_shore_a
Lair:3:   layout_hall_layers, elwin_shoals_entry_rocks
Lair:4:   layout_regular_city
Lair:6:   due_jungle_book, layout_hall_layers, minmay_slime_entry_jelly_boxes,
          ebering_ghost_xom, portal_ice_cave_entry_pillars_2,
          patterned_corridor, uniq_josephine
IceCv:    ice_cave_caverns_01

Skill      XL: |  1  2  3  4  5  6  7  8  9 10 11 12 |
---------------+-------------------------------------+-----
Spellcasting   | 3 4 5 6 7 8 9 10 12 | 12.1
Poison Magic   | 4 5 6 7 8 |  8.1
Maces & Flails | 1 3 5 7 9 10 12 | 12.0
Ice Magic      | 5 8 10 12 | 12.5
Dodging        | |  1.7
Stealth        | |  1.7
Transmutations | |  1.0

Action                   |  1- 3 |  4- 6 |  7- 9 | 10-12 || total
-------------------------+-------+-------+-------+-------++-------
Melee: Unarmed           |    26 |    12 |       |       ||    38
       Tailslap          |     3 |     6 |    27 |    38 ||    74
       Whip              |       |    70 |   237 |   306 ||   613
       Staff             |       |       |       |     1 ||     1
 Cast: Sting             |    70 |    96 |    63 |   150 ||   379
       Olgreb's Toxic Ra |       |    10 |    19 |   124 ||   153
       Mephitic Cloud    |       |     2 |     9 |    14 ||    25
       Ignite Poison     |       |     1 |    11 |    67 ||    79
       Metabolic Englaci |       |       |       |    20 ||    20
       Summon Ice Beast  |       |       |       |    35 ||    35
 Abil: Breathe Frost     |       |       |     3 |     2 ||     5
Evoke: Wand              |       |       |       |     6 ||     6
  Use: Scroll            |     5 |     1 |    16 |     7 ||    29
       Potion            |       |       |       |     4 ||     4
 Stab: Sleeping          |       |       |     8 |     1 ||     9
       Distracted        |       |       |     1 |     2 ||     3
Armor: Skin              |    21 |    39 |    99 |    98 ||   257
Dodge: Dodged            |    45 |    90 |   151 |   189 ||   475

Table legend: (Time is in decaauts)
 A = Elapsed time spent in this place.
 B = Non-inter-level travel time spent in this place.
 C = Inter-level travel time spent in this place.
 D = Time resting spent in this place.
 E = Time spent auto-exploring this place.
 F = Levels seen in this place.
 G = Mean time per level.
                   A        B        C        D        E       F      G
               +--------+--------+--------+--------+--------+-----+--------+
         Total |  23638 |  22965 |    673 |   6626 |  12961 |  18 | 1313.2 |
       Dungeon |  14473 |  13947 |    526 |   3039 |   8777 |  10 | 1447.3 |
        Temple |    288 |    245 |     43 |      0 |    244 |   1 |  288.0 |
          Lair |   6815 |   6711 |    104 |   2494 |   3545 |   5 | 1363.0 |
         Sewer |    380 |    380 |      0 |     69 |    222 |   1 |  380.0 |
      Ice Cave |   1679 |   1679 |      0 |   1024 |    172 |   1 | 1679.0 |
               +--------+--------+--------+--------+--------+-----+--------+

Top non-repeatable levels by time:
    D:10: 2991 daAuts
  Lair:2: 2674 daAuts
  Lair:1: 2063 daAuts
   IceCv: 1679 daAuts
     D:8: 1646 daAuts
     D:5: 1467 daAuts
     D:1: 1390 daAuts
     D:2: 1330 daAuts
     D:6: 1313 daAuts
  Lair:3: 1269 daAuts
     D:7: 1201 daAuts
     D:4: 1188 daAuts
     D:3: 1053 daAuts
     D:9: 891 daAuts
  Lair:4: 760 daAuts
